 Dungeon Crawl Stone Soup version 0.26.1-11-gd32895ea62 (webtiles) character file.

Game seed: 3912405142884295928

698063 porpoise the Warrior (level 27, 0/192 (195) HPs)
             Began as a Halfling Hunter on Apr 25, 2021.
             Was a High Priest of Okawaru.
             Slain by an Orb Guardian (10 damage)
             ... on level 5 of the Realm of Zot on June 6, 2021.
             The game lasted 15:50:19 (132770 turns).

porpoise the Warrior (Halfling Hunter)            Turns: 132770, Time: 15:50:21

HP:   0/192 (195)   AC: 40    Str: 22      XL:     27
MP:   0/41          EV: 20    Int: 22      God:    Okawaru [*****.]
Gold: 2861          SH: 23    Dex: 16 (21) Spells: 5/54 levels left

rFire    + + +     SeeInvis .   a - +9 quick blade (drain)
rCold    . . .     Faith    .   t - +3 kite shield {AC+3}
rNeg     . . .     Spirit   .   p - +6 fire dragon scales
rPois    +         Reflect  +   D - +4 helmet of an ossuary {rElec rCorr Slay+3}
rElec    +         Harm     .   k - +2 cloak {rPois}
rCorr    +         Rampage  .   f - +2 pair of gloves {archery}
Will     +....                  I - +2 pair of boots {Fly}
Stlth    ++........             N - amulet "Hero's Friend" {Reflect rF+++ Str+5 Dex-3 SH+5}
HPRegen  0.42/turn              H - ring of Harrunteaw {Will+ Int+3 Slay+3}
MPRegen  0.27/turn              n - ring "Loepad" {rC+ Str+2 Int+4 Stlth+}

@: about to teleport, weak-willed, flying, constricted, lightly drained
A: small, thin skeletal structure 1, clever 1, mutation resistance 1
}: 4/15 runes: barnacled, slimy, silver, gossamer
a: Stop Flying, Renounce Religion, Heroism, Finesse


You were on level 5 of the Realm of Zot.
You worshipped Okawaru.
Okawaru was extremely pleased with you.
You visited 13 branches of the dungeon, and saw 58 of its levels.
You visited the Abyss 1 time.
You visited 2 bazaars.
You also visited: Gauntlet and Wizlab.

You collected 9712 gold pieces.
You spent 6851 gold pieces at shops.

Inventory:

Hand Weapons
 a - a +9 quick blade of draining (weapon)
 b - a +5 vorpal fustibalus
 w - a +4 scimitar of holy wrath
Missiles
 d - 241 sling bullets
 J - 13 silver boomerangs (quivered)
 M - 20 throwing nets
Armour
 f - a +2 pair of gloves of archery (worn)
 k - a +2 cloak of poison resistance (worn)
 p - +6 fire dragon scales (worn)
 t - a +3 kite shield of protection (worn)
 D - the +4 helmet of an ossuary (worn) {rElec rCorr Slay+3}
   (You acquired it on level 4 of the Spider Nest)

   It affects your accuracy and damage with ranged weapons and melee attacks
   (+3).
   It insulates you from electricity.
   It provides partial protection from all sources of acid and corrosion.
 I - a +2 pair of boots of flying (worn)
Jewellery
 g - an uncursed ring of positive energy
 n - the ring "Loepad" (right hand) {rC+ Str+2 Int+4 Stlth+}
   (You bought it in a shop on level 3 of the Shoals)

   [ring of protection from cold]

   It affects your strength (+2).
   It affects your intelligence (+4).
   It protects you from cold.
   It makes you more stealthy.
 y - a ring of the Octopus King {rC+ AC+1 EV+1 Str+1 Int+1 Dex+1}
   (You bought it in a shop on level 11 of the Dungeon)

   [ring of protection from cold]

   It affects your AC (+1).
   It affects your evasion (+1).
   It affects your strength (+1).
   It affects your intelligence (+1).
   It affects your dexterity (+1).
   It protects you from cold.
 C - the ring of the Tortoise {AC+8}
   (You found it on level 1 of the Depths)

   [ring of protection]

   It affects your AC (+8).
 H - the ring of Harrunteaw (left hand) {Will+ Int+3 Slay+3}
   (You found it on level 3 of the Elven Halls)

   [ring of willpower]

   It affects your intelligence (+3).
   It affects your accuracy and damage with ranged weapons and melee attacks
   (+3).
   It affects your willpower, your defense against some magical effects.
 N - the amulet "Hero's Friend" (around neck) {Reflect rF+++ Str+5 Dex-3 SH+5}
   (You found it on level 5 of the Pits of Slime)

   [amulet of reflection]

   It shields you and reflects attacks.
   It affects your strength (+5).
   It affects your dexterity (-3).
   It renders you almost immune to fire.
   It affects your SH (+5).
 Z - an uncursed ring of see invisible
Wands
 r - a wand of digging (6)
 A - a wand of iceblast (51)
 G - a wand of acid (22)
 P - a wand of paralysis (61)
 R - a wand of disintegration (57)
Scrolls
 h - 36 scrolls of remove curse
 i - 5 scrolls of summoning
 o - 10 scrolls of teleportation
 s - 8 scrolls of blinking
 u - 14 scrolls of fog
 x - 5 scrolls of holy word
 z - 2 scrolls of silence
 E - 21 scrolls of identify
 S - 5 scrolls of magic mapping
 W - 4 scrolls of vulnerability
Potions
 c - 3 potions of invisibility
 j - 17 potions of curing
 l - 2 potions of haste
 m - 8 potions of might
 q - 11 potions of mutation
 B - 7 potions of heal wounds
 F - 2 potions of magic
 K - 12 potions of lignification
 L - 5 potions of resistance
 V - a potion of cancellation
 Y - 12 potions of ambrosia
Miscellaneous
 e - the horn of Geryon
 v - a condenser vane (inert)
 O - a phial of floods
 Q - a box of beasts
 U - a phantom mirror
 X - a tin of tremorstones (inert)


   Skills:
 - Level 18.0 Fighting
 - Level 8.0(8.2) Short Blades
 + Level 2.1(4.7) Long Blades
 - Level 14.8 Slings
 - Level 17.0 Armour
 - Level 16.0 Dodging
 - Level 1.1 Stealth
 - Level 15.0 Shields
 + Level 1.2 Unarmed Combat
 - Level 14.0 Spellcasting
 - Level 16.0 Conjurations
 - Level 5.0 Hexes
 - Level 12.0 Necromancy
 - Level 16.0 Translocations
 - Level 5.0 Transmutations
 - Level 10.1 Fire Magic
 - Level 9.0 Air Magic
 + Level 16.3 Earth Magic
 - Level 12.0 Poison Magic
 - Level 9.0 Invocations
 - Level 12.0 Evocations


You had 5 spell levels left.
You knew the following spells:

 Your Spells              Type           Power        Failure   Level
a - Apportation           Tloc           100%         1%          1
b - Sublimation of Blood  Necr           31%          1%          2
c - Vampiric Draining     Necr           31%          1%          3
d - Orb of Destruction    Conj           36%          19%         7
f - Fireball              Conj/Fire      32%          1%          5
g - Gell's Gravitas       Tloc           36%          1%          3
k - Blink                 Tloc           N/A          1%          2
p - Portal Projectile     Hex/Tloc       100%         1%          3
r - Dispersal             Tloc           36%          3%          6
s - Iron Shot             Conj/Erth      36%          3%          6
u - Dispel Undead         Necr           62%          1%          4
v - Borgnjor's Vile Clut  Necr/Erth      33%          1%          5
w - Swiftness             Air            53%          1%          2

Your spell library contained the following spells:

 Spells                   Type           Power        Failure   Level
 Animate Skeleton         Necr           100%         1%          1
 Beastly Appendage        Tmut           74%          1%          1
 Corona                   Hex            41%          1%          1
 Foxfire                  Conj/Fire      100%         1%          1
 Magic Dart               Conj           100%         1%          1
 Pain                     Necr           100%         1%          1
 Sandblast                Erth           100%         1%          1
 Shock                    Conj/Air       100%         1%          1
 Sting                    Tmut/Pois      100%         1%          1
 Corpse Rot               Necr/Air       N/A          1%          2
 Passwall                 Tmut/Erth      48%          1%          2
 Poisonous Vapours        Pois/Air       100%         1%          2
 Searing Ray              Conj           100%         1%          2
 Conjure Flame            Conj/Fire      64%          1%          3
 Dazzling Flash           Conj/Hex       100%         1%          3
 Ignite Poison            Fire/Tmut/Pois 53%          1%          3
 Inner Flame              Hex/Fire       48%          1%          3
 Lesser Beckoning         Tloc           36%          1%          3
 Mephitic Cloud           Conj/Pois/Air  62%          1%          3
 Spider Form              Tmut/Pois      25%          1%          3
 Static Discharge         Conj/Air       63%          1%          3
 Stone Arrow              Conj/Erth      100%         1%          3
 Teleport Other           Tloc           72%          1%          3
 Animate Dead             Necr           31%          1%          4
 Fulminant Prism          Conj/Hex       28%          1%          4
 Iskenderun's Mystic Bla  Conj/Tloc      72%          1%          4
 Leda's Liquefaction      Hex/Erth       29%          1%          4
 Olgreb's Toxic Radiance  Pois           62%          1%          4
 Passage of Golubria      Tloc           N/A          1%          4
 Petrify                  Tmut/Erth      58%          1%          4
 Sticky Flame             Conj/Fire      64%          1%          4
 Bolt of Magma            Conj/Fire/Erth 33%          1%          5
 Iskenderun's Battlesphe  Conj           72%          1%          5
 Lee's Rapid Deconstruct  Erth           36%          1%          5
 Lightning Bolt           Conj/Air       31%          2%          5
 Slow                     Hex            37%          3%          2
 Wereblood                Tmut           37%          3%          2
 Airstrike                Air            26%          3%          4
 Agony                    Necr           62%          3%          5
 Excruciating Wounds      Necr           31%          3%          5
 Hailstorm                Conj/Ice       50%          5%          4
 Confusing Touch          Hex            37%          6%          3
 Tukima's Dance           Hex            37%          6%          3
 Ensorcelled Hibernation  Hex/Ice        52%          9%          2
 Alistair's Intoxication  Tmut/Pois      34%          13%         5
 Freeze                   Ice            60%          16%         1
 Summon Small Mammal      Summ           60%          16%         1
 Summon Forest            Summ/Tloc      25%          16%         5
 Cause Fear               Hex            18%          19%         4
 Call Imp                 Summ           15%          22%         2
 Summon Lightning Spire   Summ/Air       35%          24%         4
 Silence                  Hex/Air        23%          24%         5
 Frozen Ramparts          Ice            30%          41%         3
 Ozocubu's Armour         Ice            15%          41%         3
 Ice Form                 Ice/Tmut       26%          47%         4
 Blade Hands              Tmut           18%          47%         5
 Yara's Violent Unravell  Hex/Tmut       18%          47%         5
 Summon Ice Beast         Ice/Summ       15%          83%         4
 Metabolic Englaciation   Hex/Ice        13%          83%         5
 Summon Mana Viper        Hex/Summ       26%          83%         5
 Summon Demon             Summ           7%           99%         5
 Starburst                Conj/Fire      32%          11%         6
 Conjure Ball Lightning   Conj/Air       31%          14%         6
 Death Channel            Necr           31%          17%         6
 Statue Form              Tmut/Erth      38%          28%         6
 Freezing Cloud           Conj/Ice/Air   25%          58%         6
 Disjunction              Tloc           36%          80%         8
 Simulacrum               Ice/Necr       20%          89%         6
 Hydra Form               Tmut           18%          96%         6
 Invisibility             Hex            37%          96%         6
 Malign Gateway           Summ/Tloc      25%          99%         7
 Spellforged Servitor     Conj/Summ      25%          99%         7
 Shadow Creatures         Summ           N/A          100%        6
 Dragon Form              Tmut           18%          100%        7
 Haunt                    Necr/Summ      20%          100%        7
 Summon Hydra             Summ           7%           100%        7
 Borgnjor's Revivificati  Necr           31%          100%        8
 Ignition                 Fire           28%          100%        8
 Infestation              Necr           31%          100%        8
 Necromutation            Tmut/Necr      25%          100%        8
 Death's Door             Necr           31%          100%        9
 Dragon's Call            Summ           7%           100%        9
 Shatter                  Erth           36%          100%        9
 Tornado                  Air            26%          100%        9


Dungeon Overview and Level Annotations

Branches:
Dungeon (15/15)            Temple (1/1) D:4            Lair (6/6) D:9
 Shoals (4/4) Lair:2       Spider (4/4) Lair:4        Slime (5/5) Lair:5
    Orc (2/2) D:10            Elf (3/3) Orc:2        Vaults (5/5) D:14
  Crypt (0/3) Vaults:3     Depths (5/5) D:15           Hell (visited)
    Dis (0/7) Hell            Geh (0/7) Hell            Coc (2/7) Hell
    Tar (0/7) Hell            Zot (5/5) Depths:5     WizLab (visited)
Gauntlet (visited)

Altars:
Ashenzari
Cheibriados
Dithmenos
Fedhas
Gozag
Kikubaaqudgha
Makhleb
Okawaru
Qazlal
Uskayaw
Vehumet
Xom
The Shining One
Beogh
Jiyva

Shops:
D:8 *   D:10 [   D:11 =   Orc:2 ?:*[   Elf:1 :   Elf:2 *   Shoals:1 =***!
Shoals:3 !=(*(!   Vaults:1 :[   Depths:5 =}}

Portals:
Hell: Depths:1 Depths:2 Depths:3 Depths:4 Depths:5
Abyss: Depths:4
Pandemonium: Orc:2 Depths:2 Depths:3 Depths:4 Depths:5
Ziggurat: Depths:5

Annotations:
Elf:1 Frances
Depths:2 5 transporters


Innate Abilities, Weirdness & Mutations

You are small and have problems with some larger weapons.
You are somewhat resistant to further mutation.
You have a somewhat thin skeletal structure. (Dex +2, Stealth)
Your mind is acute. (Int +2)


Message History

The red draconian hits you but does no damage.
The Orb Guardian hits you!!!
* * * LOW HITPOINT WARNING * * *
You block the tentacled monstrosity's attack.
The tentacled monstrosity tentacle-slaps you but does no damage. x2
* * * LOW HITPOINT WARNING * * *
The tentacled monstrosity constricts you!
Something touches you!
* * * LOW HITPOINT WARNING * * *
You feel drained.
* * * LOW HITPOINT WARNING * * *
The shadow demon gestures.
The tentacled monstrosity is engulfed in blazing flames.
You hear a shout!
Blink to where?
Press: ? - help, Dir - move target, p - red draconian The tentacled monstrosity's grasp on you weakens, but your attempt to escape fails.
As you read the scroll of blinking, it crumbles to dust.
The Orb Guardian hits you!
You die...

*,,,,,,,,,,,,,^,,,,,,,,,^***,,
*,,,,,,^,,,,,,,,,,,,,,,,,* ***
**,,,,.,,^,,,,,,,,,,,,,,**
**,,,..,,,,,,^^,,,,,,***
**,,..q,,,,,,,,,,****
**,....##▓▓▓▓▓▓▓▓▓▓▓#
**,,.......°X§§..^...###
**,,^....^d^)1§§§§##....##
**,,^,......X@{2y§..###)..####
*,,,,,......ddX.§....###......
*,^,,,...§...z..4.)..# ##.....
*,^,,,...............# #.)...
*,,,,,.........^.....# ##....
*,,,,,.............^.# #....
*,,,,,...............# ##....
**,,,,.....[........## #.....
**,,,,,,,,,,,,,,,,** ##.....


You could see a Hell Sentinel (summoned), 2 tentacled monstrosities, 2
draconians, a red draconian (berserk), a death cob (summoned), a red draconian
stormcaller, an Orb Guardian (berserk), a shadow demon (summoned), an orange
demon (summoned) and a moth of wrath (summoned).

Vanquished Creatures
  the Royal Jelly (Slime:5)
  An orb of fire (Zot:1)
  Mara (Shoals:3)
  Bai Suzhen (Shoals:3)
  5 shard shrikes
  Margery (Vaults:5)
  Xtahua (Depths:4)
  Geryon (Hell)
  2 curse toes
  7 golden dragons
  3 bone dragons
  Arachne (Spider:2)
  3 electric golems
  2 liches
  8 tentacled monstrosities
  7 Orb Guardians (Zot:5)
  3 Ice Fiends
  5 quicksilver dragons
  4 deep elf master archers (Elf:3)
  Asterion (Vaults:3)
  6 deep elf blademasters
  Polyphemus (Shoals:3)
  3 titans
  28 acid blobs
  4 sphinxes
  An Executioner (WizLab)
  12 death cobs
  2 krakens
  Kirke (Shoals:3)
  A tentacled starspawn (Abyss:2)
  6 tengu reavers
  15 storm dragons
  3 draconian monks
  Ilsuiw (Shoals:3)
  11 shadow dragons
  Donald (Vaults:1)
  11 frost giants
  9 fire giants
  3 balrugs
  14 azure jellies
  Aizul (Spider:4)
  5 draconian scorchers
  A frost giant (shapeshifter) (Vaults:4)
  9 ghost moths
  Louise (Shoals:4)
  3 iron dragons
  A draconian stormcaller (Zot:3)
  14 vault wardens
  9 deep elf sorcerers
  6 draconian knights
  3 emperor scorpions
  7 draconian shifters
  5 deep elf elementalists
  2 spriggan defenders (Depths:4)
  2 orc warlords (Depths:2)
  20 stone giants
  28 very ugly things
  A caustic shrike zombie (Depths:4)
  3 war gargoyles
  17 ironheart preservers
  2 elemental wellsprings (Coc:1)
  4 draconian annihilators
  11 reapers
  2 deep elf demonologists
  16 black draconians
  13 red draconians
  3 vampire knights
  Azrael (Orc:2)
  10 purple draconians
  7 white draconians
  4 green draconians
  A spark wasp (shapeshifter) (Depths:1)
  15 deep elf annihilators
  7 yellow draconians
  2 lorocyprocas
  17 spark wasps
  4 entropy weavers
  10 ettins
  6 blizzard demons
  12 death oozes
  2 jiangshi (Depths:5)
  2 crystal guardians
  5 merfolk javelineers
  7 merfolk impalers
  9 deep elf death magi
  15 fire dragons
  19 yaktaur captains
  2 kraken zombies
  2 deep elf high priests (Elf:3)
  Harold (Orc:1)
  13 great orbs of eyes
  A quicksilver dragon skeleton (Hell)
  9 rakshasas
  20 ice dragons
  3 spriggan air magi
  17 hydras
  4 catoblepae
  An alligator snapping turtle (Shoals:4)
  9 centaur warriors
  7 boulder beetles
  2 death knights
  27 vault guards
  3 merfolk avatars
  2 merfolk aquamancers (Shoals:4)
  14 ogre magi
  28 dancing weapons
  49 two-headed ogres
  3 tengu warriors
  5 vampire magi
  14 death yaks
  The ghost of chaostorm the Blocker, a novice GnFi of Elyvilon (D:13)
  A deep troll shaman (Depths:1)
  10 orc high priests
  6 deep troll earth magi
  Urug (Lair:1)
  4 soul eaters
  3 shock serpents (Zot:3)
  The ghost of Tirrikindir the Covert, a novice OpBr of Dithmenos (D:8)
  A thrashing horror (Abyss:2)
  13 sun demons
  3 spriggan berserkers
  2 storm dragon zombies
  A titan skeleton (Coc:1)
  2 shadow wraiths
  13 hell knights
  An iron troll (shapeshifter) (Vaults:4)
  5 wretched stars (Abyss:2)
  10 iron trolls (Depths:1)
  2 salamander mystics
  4 small abominations
  31 deep elf knights
  37 skeletal warriors
  The ghost of acdeimund the Destroyer, a novice DECj of Sif Muna (Lair:1)
  4 sixfirhies
  2 unseen horrors
  7 wizards
  A shadow demon (WizLab)
  2 storm dragon skeletons (Coc:1)
  13 sea snakes
  An unseen horror (shapeshifter) (Depths:1)
  3 flayed ghosts
  A torturous demonspawn (Orc:2)
  20 deep trolls
  7 phantasmal warriors
  23 deep elf archers
  A lindwurm (shapeshifter) (Depths:3)
  2 lindwurms (Lair:6)
  An anaconda zombie (Coc:1)
  4 glowing orange brains
  13 ironbrand convokers
  13 harpies
  10 necromancers
  31 orc knights
  An iron dragon zombie (Depths:1)
  An anaconda skeleton (Hell)
  2 golden dragon skeletons
  21 orb spiders
  A fire giant zombie (Depths:1)
  41 ugly things
  10 shining eyes
  2 tengu skeletons
  12 orc sorcerers
  A sphinx zombie (Hell)
  27 manticores
  67 deep elf magi
  An oklob plant (Shoals:2)
  A frost giant zombie (Hell)
  8 cyclopes
  A worldbinder (Elf:3)
  29 wolf spiders
  A sphinx skeleton (Vaults:1)
  15 fauns
  2 stone giant zombies
  19 moths of wrath
  A faun (shapeshifter) (Depths:4)
  An elephant (shapeshifter) (Vaults:5)
  2 moths of wrath (shapeshifter)
  9 salamanders
  17 merfolk sirens
  A black mamba (shapeshifter) (Elf:1)
  4 black mambas
  A manticore (shapeshifter) (Vaults:4)
  An apocalypse crab (Abyss:2)
  3 rust devils
  12 vault sentinels
  2 eyes of devastation
  6 frost giant skeletons
  2 guardian serpents (shapeshifter) (Vaults:1)
  Psyche (D:9)
  3 orange demons
  2 gargoyles (D:14)
  A storm dragon simulacrum (Depths:4)
  4 centaur zombies
  3 molten gargoyles
  4 smoke demons
  7 cane toads
  A catoblepas zombie (Coc:1)
  An eye of devastation (shapeshifter) (Vaults:1)
  6 rime drakes
  3 hellions
  3 spriggan zombies
  2 kobold demonologists
  2 torpor snails
  An orc skeleton (Vaults:3)
  16 demonic crawlers
  18 komodo dragons
  55 yaktaurs
  4 tormentors
  2 efreet
  10 freezing wraiths
  5 hydra zombies
  6 ice devils
  8 hellwings
  7 tengu conjurers
  3 yaktaur skeletons
  13 red devils
  20 jumping spiders
  6 wind drakes
  2 ancient zymes (Abyss:2)
  5 trolls
  A harpy zombie (Coc:1)
  24 merfolk
  A merfolk (shapeshifter) (Depths:4)
  21 hornets
  6 meliai
  A troll (shapeshifter) (Vaults:5)
  4 hydra skeletons
  19 blink frogs
  A hornet (shapeshifter) (Depths:4)
  7 snapping turtles
  2 fire dragon zombies (Hell)
  137 slime creatures
  An alligator zombie (Coc:1)
  A harpy skeleton (Abyss:2)
  An ice dragon zombie (Hell)
  A slime creature (shapeshifter) (Depths:4)
  4 stone giant simulacra
  6 raiju
  7 dream sheep
  A dream sheep (shapeshifter) (Depths:4)
  2 ettin zombies
  16 flying skulls
  A fire giant simulacrum (Coc:1)
  3 air elementals
  An alligator skeleton (Hell)
  8 shadows
  16 tarantellas
  3 ynoxinuls
  5 spriggans
  A tarantella (shapeshifter) (Vaults:5)
  7 wraiths
  An ettin skeleton (Vaults:3)
  48 redbacks
  15 water elementals
  29 yaks
  8 wyverns
  4 hogs (Shoals:4)
  13 humans
  2 steam dragons
  13 fire elementals
  5 basilisks
  3 chaos spawn
  Grum (D:8)
  2 neqoxecs
  Eustachio (D:6)
  6 vampire mosquitoes
  7 wargs
  3 cane toad zombies
  An acid dragon (Vaults:1)
  A merfolk zombie (Coc:1)
  13 water moccasins
  2 floating eyes
  4 soldier ants
  19 hell hounds
  A floating eye (shapeshifter) (Depths:1)
  7 sky beasts
  7 human skeletons
  4 large abominations (Abyss:2)
  A deep troll skeleton (Vaults:3)
  6 eyes of draining
  An eye of draining (shapeshifter) (Vaults:4)
  49 orc warriors
  A cane toad skeleton (Coc:1)
  10 ice beasts
  4 phantoms
  45 ogres
  14 boggarts
  3 black bears
  An elf skeleton (Vaults:1)
  2 necrophages
  20 wolves
  2 snapping turtle zombies
  16 centaurs
  3 human zombies
  4 big kobolds
  21 bullfrogs
  A cane toad simulacrum (Coc:1)
  A deep troll simulacrum (Vaults:1)
  An earth elemental (Abyss:2)
  7 scorpions
  13 killer bees
  An orc simulacrum (Vaults:2)
  8 wights
  4 howler monkeys
  An electric eel (Lair:1)
  4 lava snakes (Lair:6)
  3 crimson imps
  6 starcursed masses (Abyss:2)
  3 bullfrog zombies
  2 human simulacra (Vaults:1)
  9 jellies
  5 quasits
  31 orc priests
  10 hounds
  4 iron imps
  Natasha (thrice) (D:3)
  3 iguanas
  25 orc wizards
  5 lightning spires (Zot:3)
  2 worker ants
  7 hell rats
  A hound zombie (D:9)
  2 hound skeletons
  2 worker ant zombies
  A gnoll (D:1)
  8 adders
  6 shadow imps
  3 white imps
  4 ufetubi
  2 oozes
  2 adder zombies
  4 worms
  6 leopard geckos
  90 orcs
  3 ball pythons
  4 giant cockroaches
  5 goblins
  11 hobgoblins
  6 jackals (D:3)
  8 quokkas
  5 bats
  6 frilled lizards
  37 kobolds
  A quokka skeleton (D:6)
  7 rats
  3 ball lightnings (Zot:3)
  A bush (Lair:6)
  4 crawling corpses
  A starspawn tentacle (Abyss:2)
  4 tentacles
2760 creatures vanquished.

Vanquished Creatures (collateral kills)
  Frederick (Vaults:5)
  Jorgrun (D:15)
  A dire elephant zombie (Coc:1)
  A tormentor (Coc:1)
  3 slime creatures
  3 humans (D:14)
  2 vampire mosquitoes (D:15)
  2 centaurs (Depths:2)
14 creatures vanquished.

Vanquished Creatures (others)
  A draconian knight (Zot:5)
  A draconian shifter (Zot:3)
  A lorocyproca (WizLab)
  An ettin (Vaults:5)
  An ogre mage (Depths:2)
  A centaur warrior (Depths:2)
  A two-headed ogre (D:14)
  An unseen horror (Vaults:1)
  A manticore (Depths:1)
  2 slime creatures
  A raiju (Zot:3)
  A small abomination (Abyss:2)
  An orc warrior (Orc:2)
  An ogre (Depths:1)
  A centaur (Depths:2)
  2 orcs (Vaults:5)
  2 ball lightnings (Zot:3)
  37 fungi
  138 plants
  3 starspawn tentacles (Abyss:2)
  13 tentacles
  7 withered plants (D:15)
218 creatures vanquished.

Grand Total: 2992 creatures vanquished

Notes
Turn   | Place    | Note
-------+----------+-------------------------------------------
     0 | D:1      | porpoise the Halfling Hunter began the quest for the Orb.
     0 | D:1      | Reached XP level 1. HP: 14/14 MP: 1/1
   100 | D:1      | Reached skill level 2 in Fighting
   100 | D:1      | Reached XP level 2. HP: 16/19 MP: 2/2
   374 | D:1      | You fall into a shaft and drop 1 floor!
   379 | D:2      | Reached XP level 3. HP: 25/25 MP: 3/3
  1322 | D:2      | Reached XP level 4. HP: 30/30 MP: 4/4
  1443 | D:2      | Found a faded altar of an unknown god.
  1609 | D:3      | Noticed Natasha
  1617 | D:3      | Killed Natasha
  1618 | D:3      | Reached skill level 3 in Fighting
  1821 | D:3      | Reached XP level 5. HP: 23/36 MP: 5/5
  2183 | D:3      | You fall into a shaft and drop 1 floor!
  2251 | D:4      | Found a glowing golden altar of the Shining One.
  2256 | D:4      | Found a blossoming altar of Fedhas.
  2387 | D:4      | Found an opulent altar of Gozag.
  2387 | D:4      | Found a burning altar of Makhleb.
  2387 | D:4      | Found a stormy altar of Qazlal.
  2577 | D:4      | Reached skill level 4 in Fighting
  2577 | D:4      | Reached XP level 6. HP: 35/43 MP: 6/6
  2731 | D:4      | Found a staircase to the Ecumenical Temple.
  2746 | Temple   | Entered the Ecumenical Temple
  2805 | Temple   | Became a worshipper of Warmaster Okawaru
  2944 | D:3      | Found a snail-covered altar of Cheibriados.
  2944 | D:3      | Noticed Natasha
  2950 | D:3      | Killed Natasha
  3020 | D:3      | Noticed Natasha
  3022 | D:3      | Learned a level 2 spell: Blink
  3029 | D:3      | Killed Natasha
  3494 | D:3      | Reached XP level 7. HP: 41/49 MP: 7/7
  4179 | D:4      | Found a stormy altar of Qazlal.
  4379 | D:5      | Entered Level 5 of the Dungeon
  4386 | D:5      | Found a hide-covered altar of Uskayaw.
  4387 | D:5      | Found a radiant altar of Vehumet.
  4389 | D:5      | Found an ancient bone altar of Kikubaaqudgha.
  4487 | D:4      | Reached * piety under Okawaru
  4639 | D:5      | Reached skill level 5 in Fighting
  4755 | D:5      | Reached skill level 1 in Shields
  5008 | D:5      | Reached skill level 10 in Slings
  5277 | D:6      | Reached XP level 8. HP: 47/55 MP: 6/8
  5607 | D:6      | Reached ** piety under Okawaru
  5672 | D:6      | Reached skill level 1 in Armour
  5699 | D:6      | Found a shadowy altar of Dithmenos.
  5748 | D:6      | Noticed Eustachio
  5758 | D:6      | Killed Eustachio
  5940 | D:6      | Reached XP level 9. HP: 57/61 MP: 9/9
  6932 | D:7      | Reached skill level 5 in Armour
  7172 | D:7      | Reached *** piety under Okawaru
  7415 | D:7      | Found a blossoming altar of Fedhas.
  7661 | D:7      | Reached skill level 1 in Evocations
  8122 | D:8      | Found a runed translucent gate.
  8124 | D:8      | Found a runed translucent gate.
  8125 | D:8      | Found a runed translucent gate.
  8126 | D:8      | Noticed Tirrikindir's ghost (novice OpBr)
  8160 | D:8      | Found Qabietoq's Assorted Antiques.
  8166 | D:8      | Bought a sapphire potion for 21 gold pieces
  8469 | D:8      | Noticed Grum
  8491 | D:8      | Killed Grum
  8492 | D:8      | Reached XP level 10. HP: 54/66 MP: 7/10
  8669 | D:8      | Reached skill level 5 in Dodging
  8941 | D:8      | Reached **** piety under Okawaru
  9148 | D:9      | Received a gift from Okawaru
  9149 | D:9      | Reached skill level 5 in Evocations
  9193 | D:9      | Reached skill level 1 in Invocations
  9461 | D:9      | Found a shimmering altar of Xom.
  9998 | D:9      | Noticed Psyche
 10259 | D:9      | Killed Psyche
 10259 | D:9      | Received a gift from Okawaru
 10267 | D:9      | Found a staircase to the Lair.
 10529 | D:10     | Entered Level 10 of the Dungeon
 10529 | D:10     | Noticed a kobold demonologist
 10529 | D:10     | Noticed a two-headed ogre
 10610 | D:10     | Noticed a purple ugly thing
 10610 | D:10     | Noticed a green ugly thing
 10611 | D:10     | Noticed a brown ugly thing
 10611 | D:10     | Noticed a white ugly thing
 10612 | D:10     | Noticed a white ugly thing
 10656 | Lair:1   | Entered Level 1 of the Lair of Beasts
 10664 | Lair:1   | Noticed a seven-headed hydra
 10677 | Lair:1   | Noticed a komodo dragon
 10680 | Lair:1   | Killed a seven-headed hydra
 10681 | Lair:1   | Reached skill level 6 in Fighting
 10681 | Lair:1   | Reached skill level 5 in Shields
 10695 | Lair:1   | Killed a komodo dragon
 10696 | Lair:1   | Reached XP level 11. HP: 63/72 MP: 10/13
 10906 | Lair:1   | Found a large runed translucent door.
 10907 | Lair:1   | Found a large runed translucent door.
 10909 | Lair:1   | Noticed a six-headed hydra
 10924 | Lair:1   | Killed a six-headed hydra
 10925 | Lair:1   | Reached skill level 7 in Fighting
 11251 | Lair:1   | Reached ***** piety under Okawaru
 11313 | Lair:1   | Noticed acdeimund's ghost (novice DECj)
 11332 | Lair:1   | Reached skill level 8 in Fighting
 11386 | Lair:1   | Received a gift from Okawaru
 11691 | Lair:1   | Noticed a six-headed hydra
 11702 | Lair:1   | Killed a six-headed hydra
 11702 | Lair:1   | Received a gift from Okawaru
 11703 | Lair:1   | Reached skill level 9 in Fighting
 12036 | Lair:1   | Noticed Urug
 12193 | Lair:1   | Killed Urug
 12905 | Lair:1   | Noticed an eight-headed hydra
 12924 | Lair:1   | Killed an eight-headed hydra
 12924 | Lair:1   | Received a gift from Okawaru
 13353 | Lair:1   | Reached skill level 5 in Invocations
 13427 | Lair:1   | Reached XP level 12. HP: 83/86 MP: 15/15
 13578 | Lair:2   | Found a staircase to the Shoals.
 13789 | Lair:2   | Noticed a death yak
 13789 | Lair:2   | Noticed a death yak
 13828 | Lair:2   | Killed a death yak
 13864 | Lair:2   | Killed a death yak
 13864 | Lair:2   | Received a gift from Okawaru
 13865 | Lair:2   | Reached skill level 10 in Fighting
 14000 | Lair:2   | Received a gift from Okawaru
 14252 | Lair:2   | Got an iridescent fustibalus {god gift}
 14253 | Lair:2   | Identified the +2 fustibalus "Ojuruno" {venom, Dex+7}
                  | (Okawaru gifted it to you on level 2 of the Lair of Beasts)
 14516 | Lair:2   | Noticed a four-headed hydra
 14527 | Lair:2   | Killed a four-headed hydra
 14608 | Lair:2   | Noticed an eight-headed hydra
 14620 | Lair:2   | Killed an eight-headed hydra
 14893 | Lair:2   | Noticed a seven-headed hydra
 14902 | Lair:2   | Killed a seven-headed hydra
 14902 | Lair:2   | Received a gift from Okawaru
 15347 | Lair:3   | Noticed a five-headed hydra
 15360 | Lair:3   | Killed a five-headed hydra
 15387 | Lair:3   | Received a gift from Okawaru
 15469 | Lair:3   | Reached skill level 10 in Armour
 15469 | Lair:3   | Reached XP level 13. HP: 92/92 MP: 19/19
 15704 | Lair:3   | Received a gift from Okawaru
 16369 | Lair:3   | Received a gift from Okawaru
 16374 | Lair:3   | Received a gift from Okawaru
 17276 | Lair:4   | Noticed a five-headed hydra
 17295 | Lair:4   | Killed a five-headed hydra
 17462 | Lair:4   | Received a gift from Okawaru
 17470 | Lair:4   | Found a hole to the Spider Nest.
 19064 | Lair:5   | Found a viscous altar of Jiyva.
 19065 | Lair:5   | Found a staircase to the Slime Pits.
 19478 | D:9      | Received a gift from Okawaru
 19482 | D:9      | Reached XP level 14. HP: 77/99 MP: 10/20
 20003 | D:10     | Found Quonterch's Armour Boutique.
 20134 | D:10     | Found a staircase to the Orcish Mines.
 20551 | D:10     | Noticed a white very ugly thing
 20564 | D:10     | Paralysed by a wizard for 4 turns
 20613 | D:10     | Killed a white very ugly thing
 20768 | D:10     | Reached skill level 11 in Fighting
 20951 | D:11     | Found a gate leading to a gauntlet.
 20969 | Gauntlet | Entered a Gauntlet
 20969 | Gauntlet | Found a transporter.
 20969 | Gauntlet | Found a transporter.
 20969 | Gauntlet | Found a transporter.
 20982 | Gauntlet | Found a runed translucent door.
 20985 | Gauntlet | Found a transporter.
 20986 | Gauntlet | Found a transporter.
 20997 | Gauntlet | Found a transporter.
 21001 | Gauntlet | Found a runed translucent door.
 21003 | Gauntlet | Found a runed translucent door.
 21005 | Gauntlet | Found a transporter.
 21024 | Gauntlet | Found the ring of the Octopus King
 21024 | Gauntlet | Found a transporter.
 21030 | Gauntlet | Found a transporter.
 21031 | Gauntlet | Found a transporter.
 21033 | Gauntlet | Found a transporter.
 21043 | Gauntlet | Found a transporter.
 22258 | D:11     | Found Ekeuckip's Jewellery Emporium.
 22939 | Lair:1   | Identified a scroll of acquirement
 22942 | Lair:1   | Acquired a +2 cloak of poison resistance
 23015 | D:11     | Bought the ring of Qetamer {rElec rCorr MP+9 Int+2} for 685
                  | gold pieces
 24366 | D:13     | Received a gift from Okawaru
 24480 | D:13     | Found a runed translucent gate.
 24480 | D:13     | Found a runed translucent gate.
 24480 | D:13     | Found a runed translucent gate.
 24485 | D:13     | Found a viscous altar of Jiyva.
 24485 | D:13     | Noticed chaostorm's ghost (novice GnFi)
 24656 | D:13     | Got a twisted demon whip
 24657 | D:13     | Identified the cursed +2 demon whip of the Orange Skies
                  | {freeze, rC+ Will+ SInv} (You found it on level 13 of the
                  | Dungeon)
 24813 | D:13     | Reached skill level 12 in Fighting
 24947 | D:13     | Received a gift from Okawaru
 24948 | D:13     | Got a black opal-studded ring mail {god gift}
 24959 | D:13     | Identified the +4 ring mail of Poihovoe {Str+4} (Okawaru
                  | gifted it to you on level 13 of the Dungeon)
 25507 | D:14     | Found a gate to the Vaults.
 25553 | D:13     | Reached XP level 15. HP: 108/108 MP: 20/21
 25767 | D:13     | Reached skill level 10 in Shields
 26239 | D:14     | Identified the Incunabulum of the Dragonfly
 26293 | D:14     | Reached skill level 10 in Dodging
 26829 | D:14     | You fall into a shaft and drop 1 floor!
 26829 | D:15     | Entered Level 15 of the Dungeon
 26872 | D:15     | Noticed Jorgrun
 26893 | D:15     | Killed Jorgrun
 27335 | D:15     | Received a gift from Okawaru
 27385 | D:14     | HP: 3/107 [vampire mage/vampiric draining (11)]
 27399 | D:14     | HP: 4/107 [vampire mage/vampiric draining (16)]
 28651 | D:14     | Received a gift from Okawaru
 28917 | D:15     | Found a staircase to the Depths.
 29196 | D:15     | Acquired a manual of Translocations
 29467 | D:15     | Reached skill level 1 in Translocations
 29720 | Orc:1    | Entered Level 1 of the Orcish Mines
 29755 | Orc:1    | Noticed Harold
 29773 | Orc:1    | Killed Harold
 29774 | Orc:1    | Reached skill level 1 in Spellcasting
 30253 | Orc:1    | Found a roughly hewn altar of Beogh.
 30253 | Orc:1    | Found a transporter.
 30254 | Orc:1    | Noticed a stone giant
 30259 | Orc:1    | Noticed a stone giant
 30264 | Orc:1    | Killed a stone giant
 30465 | Orc:1    | Reached XP level 16. HP: 114/114 MP: 22/22
 30613 | Orc:1    | Found a transporter.
 30656 | Orc:2    | Entered Level 2 of the Orcish Mines
 31204 | Orc:2    | Noticed Azrael
 31229 | Orc:2    | Killed Azrael
 31230 | Orc:2    | Reached skill level 5 in Translocations
 31464 | Orc:2    | Found a staircase to the Elven Halls.
 31481 | Orc:2    | Received a gift from Okawaru
 31637 | Orc:2    | Found Jeolucur's Magic Scroll Shop.
 32230 | Orc:2    | Found Dangiw's General Store.
 33026 | Orc:2    | Received a gift from Okawaru
 33162 | Orc:2    | Reached skill level 13 in Fighting
 33291 | Orc:2    | Found Gih Pora's Antique Armour Emporium.
 33291 | Orc:2    | Found Hasuer's Book Shoppe.
 33291 | Orc:2    | Found a one-way gate leading to the halls of Pandemonium.
 33340 | Orc:2    | Bought a runed hat for 140 gold pieces
 33347 | Orc:2    | Bought a Young Poisoner's Handbook for 440 gold pieces
 33351 | Orc:2    | Learned a level 3 spell: Ignite Poison
 33356 | Orc:2    | Learned a level 4 spell: Olgreb's Toxic Radiance
 33360 | Orc:2    | Learned a level 3 spell: Mephitic Cloud
 33645 | Lair:6   | Entered Level 6 of the Lair of Beasts
 33707 | Lair:4   | Reached skill level 1 in Poison Magic
 33764 | Lair:5   | Received a gift from Okawaru
 35088 | Lair:6   | Got a polished long sword
 35089 | Lair:6   | Identified the +12 long sword "Kiaritt" {drain, Int+2
                  | Stlth+} (You found it on level 6 of the Lair of Beasts)
 35437 | Lair:6   | Found a large runed translucent door.
 35438 | Lair:6   | Found a large runed translucent door.
 35453 | Lair:6   | Received a gift from Okawaru
 36126 | Spider:1 | Entered Level 1 of the Spider Nest
 36157 | Spider:1 | Reached skill level 14 in Fighting
 36198 | Spider:1 | Reached skill level 5 in Poison Magic
 36262 | Spider:1 | Reached XP level 17. HP: 123/125 MP: 23/23
 36360 | Spider:1 | Received a gift from Okawaru
 36962 | Spider:1 | Received a gift from Okawaru
 37839 | Spider:2 | Received a gift from Okawaru
 37945 | Spider:2 | Received a gift from Okawaru
 38722 | Spider:2 | Received a gift from Okawaru
 39042 | Spider:2 | Noticed Arachne
 39064 | Spider:2 | Killed Arachne
 39065 | Spider:2 | Reached skill level 1 in Fire Magic
 39401 | Lair:1   | Killed acdeimund's ghost
 39554 | Spider:3 | Reached skill level 1 in Transmutations
 41111 | Spider:4 | Entered Level 4 of the Spider Nest
 41134 | Spider:4 | Reached skill level 5 in Fire Magic
 41402 | Spider:3 | Received a gift from Okawaru
 42113 | Spider:4 | Noticed Aizul
 42130 | Spider:4 | Reached XP level 18. HP: 122/131 MP: 23/24
 42153 | Spider:4 | Killed Aizul
 42342 | Spider:4 | Acquired the +4 helmet of an ossuary {rElec rCorr Slay+3}
 42568 | D:11     | Bought a ring of the Octopus King {rC+ AC+1 EV+1 Str+1
                  | Int+1 Dex+1} for 560 gold pieces
 42568 | D:11     | Found the ring of the Octopus King {rC+ AC+1 EV+1 Str+1
                  | Int+1 Dex+1}
 42634 | D:8      | Bought a shiny ring mail for 168 gold pieces
 43812 | Spider:4 | Reached skill level 5 in Transmutations
 44052 | Spider:4 | Got a gossamer rune of Zot
 44221 | Shoals:1 | Entered Level 1 of the Shoals
 44335 | Shoals:1 | Learned a level 1 spell: Apportation
 44339 | Shoals:1 | Learned a level 3 spell: Gell's Gravitas
 44348 | Shoals:1 | Found Xirir's General Store.
 44498 | Shoals:1 | Bought a potion of heal wounds for 80 gold pieces
 44498 | Shoals:1 | Found Kaxuhuto's Distillery.
 44565 | Shoals:1 | Received a gift from Okawaru
 44609 | Shoals:1 | Reached skill level 10 in Poison Magic
 44619 | Shoals:1 | Reached skill level 1 in Conjurations
 44812 | Shoals:1 | Found Sapiobi's Mass Market.
 45155 | Shoals:1 | Bought a potion of curing for 48 gold pieces
 45411 | Shoals:1 | Found Cicager's Jewellery Shop.
 45420 | Shoals:1 | Bought an uncursed ring of see invisible for 225 gold
                  | pieces
 45529 | Shoals:1 | Found Gabil's Assorted Antiques.
 45537 | Shoals:1 | Bought a potion of heal wounds for 145 gold pieces
 45537 | Shoals:1 | Bought a metal-bound book for 435 gold pieces
 45805 | Shoals:2 | Noticed a kraken
 45810 | Shoals:2 | Killed a kraken
 46018 | Shoals:2 | Found a radiant altar of Vehumet.
 46586 | Shoals:3 | Found Gaoskaqu's Distillery.
 46602 | Shoals:3 | Found Xikaon's Jewellery Emporium.
 46627 | Shoals:3 | Reached XP level 19. HP: 124/136 MP: 22/25
 46746 | Shoals:3 | Found Faroifi's Antique Weapon Shop.
 46747 | Shoals:3 | Noticed Mara
 46753 | Shoals:3 | Noticed porpoise's illusion
 46777 | Shoals:3 | Noticed porpoise's illusion
 46784 | Shoals:3 | Killed Mara
 46987 | Shoals:3 | Noticed Polyphemus
 47027 | Shoals:3 | Killed Polyphemus
 47027 | Shoals:3 | Received a gift from Okawaru
 47028 | Shoals:3 | Reached skill level 5 in Conjurations
 47135 | Shoals:3 | Reached skill level 1 in Air Magic
 47605 | Shoals:3 | Found Vicyrir's Island Escapes.
 47658 | Shoals:3 | Found Icrud's Weapon Emporium.
 47700 | Shoals:3 | Noticed Ilsuiw
 47746 | Shoals:3 | Killed Ilsuiw
 47861 | Shoals:3 | Bought a potion of heal wounds for 85 gold pieces
 47861 | Shoals:3 | Bought a potion of heal wounds for 85 gold pieces
 47861 | Shoals:3 | Bought a potion of curing for 51 gold pieces
 48014 | Shoals:3 | Found Hirghebub's Distillery.
 48068 | Shoals:3 | Bought a potion of heal wounds for 70 gold pieces
 49333 | Shoals:4 | Entered Level 4 of the Shoals
 49373 | Shoals:4 | Reached skill level 5 in Air Magic
 49580 | Shoals:4 | Noticed Louise
 49594 | Shoals:4 | Killed Louise
 49685 | Shoals:4 | Received a gift from Okawaru
 50045 | Shoals:4 | Got a barnacled rune of Zot
 50165 | Shoals:4 | Got a translucent hand axe
 50176 | Shoals:4 | Noticed Bai Suzhen
 50180 | Shoals:4 | Noticed Kirke
 50563 | Vaults:1 | Entered Level 1 of the Vaults
 50849 | Vaults:1 | Reached skill level 10 in Evocations
 50852 | Vaults:1 | Reached XP level 20. HP: 122/143 MP: 1/26
 50855 | Vaults:1 | Received a gift from Okawaru
 51619 | Vaults:1 | Received a gift from Okawaru
 51816 | Vaults:1 | Noticed Donald
 51823 | Vaults:1 | Killed Donald
 52517 | Vaults:1 | Received a gift from Okawaru
 52919 | Vaults:1 | Found Roac's Armour Boutique.
 53147 | Vaults:1 | Found a gateway to a bazaar.
 53162 | Bazaar   | Entered a bazaar
 53163 | Bazaar   | Found Upra's Jewellery Boutique.
 53171 | Bazaar   | Bought a cursed amulet of inaccuracy for 22 gold pieces
 53174 | Bazaar   | Found Uku Sama's Weapon Boutique.
 53197 | Bazaar   | Found Qejofoty's Gadget Emporium.
 53214 | Bazaar   | Found Irghasal's Antique Weapon Shoppe.
 53381 | Vaults:1 | Found Beckovabre's Book Boutique.
 54285 | Vaults:2 | Received a gift from Okawaru
 54397 | Vaults:2 | Found a flickering gateway to a bazaar.
 54416 | Bazaar   | Entered a bazaar
 54431 | Bazaar   | Found Cuasaem's Distillery.
 54435 | Bazaar   | Found Tuipumus's Distillery.
 54435 | Bazaar   | Found Idout's Weapon Boutique.
 54436 | Bazaar   | Found Muynas's Assorted Antiques.
 54472 | Bazaar   | Bought a potion of heal wounds for 35 gold pieces
 54472 | Bazaar   | Bought a potion of mutation for 56 gold pieces
 54496 | Bazaar   | Bought a potion of mutation for 56 gold pieces
 54504 | Bazaar   | Bought a potion of mutation for 56 gold pieces
 54530 | Bazaar   | Bought a potion of haste for 70 gold pieces
 54884 | Vaults:2 | Reached skill level 15 in Shields
 54981 | Vaults:2 | Reached XP level 21. HP: 138/148 MP: 19/27
 55351 | Vaults:2 | Reached skill level 5 in Spellcasting
 57510 | Vaults:2 | Received a gift from Okawaru
 57797 | Vaults:2 | Received a gift from Okawaru
 58229 | Vaults:3 | Found a magical portal.
 58237 | WizLab   | Entered Doroklohe's Tomb
 58559 | WizLab   | Received a gift from Okawaru
 59366 | WizLab   | Acquired a book of the Warp
 59372 | WizLab   | Learned a level 3 spell: Portal Projectile
 59372 | WizLab   | Acquired 759 gold pieces
 59374 | WizLab   | Acquired 1358 gold pieces
 59587 | Vaults:3 | Reached skill level 1 in Hexes
 59707 | Vaults:3 | Noticed Asterion
 59724 | Vaults:3 | Killed Asterion
 59991 | Vaults:3 | Reached XP level 22. HP: 146/154 MP: 33/33
 60016 | Vaults:3 | Found a staircase to the Crypt.
 60067 | Vaults:3 | Received a gift from Okawaru
 60782 | Vaults:3 | Received a gift from Okawaru
 61387 | Vaults:3 | Reached skill level 5 in Hexes
 61614 | Vaults:3 | Received a gift from Okawaru
 61859 | Vaults:3 | Received a gift from Okawaru
 61878 | Vaults:3 | Got a faintly glowing hunting sling {god gift}
 61879 | Vaults:3 | Identified the +1 hunting sling of Liorejor {flame, *Contam
                  | rElec rC++ rN+} (Okawaru gifted it to you on level 3 of the
                  | Vaults)
 62334 | Lair:1   | Learned a level 4 spell: Iskenderun's Mystic Blast
 62389 | D:8      | Killed Tirrikindir's ghost
 62568 | D:13     | Killed chaostorm's ghost
 63079 | Shoals:3 | Killed Kirke
 63097 | Shoals:3 | Killed Bai Suzhen
 63098 | Shoals:3 | Reached skill level 10 in Translocations
 63564 | Vaults:1 | Bought a book of Spatial Translocations for 910 gold pieces
 64046 | Vaults:4 | Received a gift from Okawaru
 64721 | Vaults:4 | Received a gift from Okawaru
 65256 | Vaults:4 | Reached XP level 23. HP: 148/160 MP: 27/36
 65794 | Vaults:4 | Reached skill level 10 in Conjurations
 66645 | Depths:1 | Entered Level 1 of the Depths
 66773 | D:15     | Learned a level 2 spell: Searing Ray
 66804 | D:15     | Received a gift from Okawaru
 66978 | D:15     | Received a gift from Okawaru
 67869 | Depths:1 | Reached skill level 15 in Translocations
 67931 | Depths:1 | Received a gift from Okawaru
 69412 | Depths:1 | Found a gateway to Hell.
 69414 | Depths:1 | Reached XP level 24. HP: 112/166 MP: 18/36
 69920 | Depths:1 | Found the ring of the Tortoise {AC+8}
 70594 | Shoals:1 | Bought a scroll of enchant armour for 120 gold pieces
 70783 | Shoals:3 | Bought the ring "Loepad" {rC+ Str+2 Int+4 Stlth+} for 616
                  | gold pieces
 71143 | Depths:2 | Found the ring of the Octopus King {AC+1 EV+1 Str+1 Int+1
                  | Dex+1 Stlth+}
 71154 | Depths:2 | Identified the +1 robe of Kiduaklu {Will+ rCorr}
 71878 | Depths:2 | Received a gift from Okawaru
 72395 | Depths:2 | Noticed a caustic shrike
 72399 | Depths:2 | Noticed a caustic shrike
 72427 | Depths:2 | Reached skill level 15 in Armour
 72602 | Depths:2 | Noticed a golden dragon
 72613 | Depths:2 | Found a transporter.
 72652 | Depths:2 | Found a transporter.
 72691 | Depths:2 | Identified the amulet "Zod Odix" {Reflect *Slow +Fly rN+
                  | Int+4 SH+5 Stlth+}
 72708 | Depths:2 | Found a transporter.
 72710 | Depths:2 | Found a transporter.
 72726 | Depths:2 | Found a transporter.
 73150 | Depths:3 | Got a bloodstained chain mail
 73175 | Depths:2 | Identified the +8 chain mail "Wurch" {rElec rC- Will-
                  | Str+10} (You found it on level 3 of the Depths)
 73462 | Depths:3 | Received a gift from Okawaru
 74427 | Depths:3 | Learned a level 2 spell: Swiftness
 75773 | Depths:4 | Reached skill level 10 in Spellcasting
 76406 | Depths:4 | You fall into a shaft and drop 1 floor!
 76406 | Depths:5 | Entered Level 5 of the Depths
 76617 | Depths:5 | Reached XP level 25. HP: 141/171 MP: 28/37
 76780 | Depths:5 | Reached skill level 15 in Dodging
 76878 | Depths:5 | Received a gift from Okawaru
 77110 | Depths:5 | Found a gate to the Realm of Zot.
 77186 | Depths:5 | Found Utucahou's Gadget Boutique.
 77188 | Depths:5 | Found Vecwulon's Jewellery Emporium.
 77189 | Depths:5 | Found Meipec's Gadget Boutique.
 77204 | Depths:5 | Bought a tin of tremorstones (2/2) for 800 gold pieces
 77513 | Depths:5 | Received a gift from Okawaru
 77632 | Depths:5 | Found a gateway to a ziggurat.
 78947 | Depths:4 | Got a jewelled short sword
 78948 | Depths:4 | Identified the +4 short sword of Temperance {freeze, +Fly
                  | Int-4 Dex+5} (You found it on level 4 of the Depths)
 79004 | Depths:4 | Received a gift from Okawaru
 79233 | Depths:4 | Learned a level 7 spell: Orb of Destruction
 79253 | Depths:4 | Found a one-way gate to the infinite horrors of the Abyss.
 79256 | Depths:4 | Identified the +6 quarterstaff of Coerch {drain, rElec rC-
                  | rN++ Dex+3}
 79278 | Depths:4 | Received a gift from Okawaru
 79319 | Depths:4 | Learned a level 5 spell: Borgnjor's Vile Clutch
 79505 | Depths:4 | Noticed Xtahua
 79683 | Depths:4 | Killed Xtahua
 79747 | Depths:4 | Received a gift from Okawaru
 79775 | Depths:4 | You fall into a shaft and drop 1 floor!
 79856 | Depths:5 | Reached skill level 1 in Earth Magic
 79970 | Depths:5 | Reached skill level 1 in Necromancy
 80124 | Depths:5 | Received a gift from Okawaru
 80600 | Depths:5 | Paralysed by a vampire knight for 5 turns
 81195 | Depths:4 | Received a gift from Okawaru
 81230 | Depths:4 | Reached XP level 26. HP: 180/180 MP: 29/39
 82512 | Vaults:5 | Entered Level 5 of the Vaults
 82517 | Vaults:5 | Received a gift from Okawaru
 82522 | Vaults:4 | Received a gift from Okawaru
 82681 | Vaults:4 | Reached skill level 5 in Earth Magic
 82976 | Vaults:4 | Reached skill level 15 in Fighting
 83399 | Vaults:4 | Reached skill level 5 in Necromancy
 83818 | Vaults:5 | Noticed Margery
 83830 | Vaults:4 | Received a gift from Okawaru
 84374 | Vaults:5 | Received a gift from Okawaru
 84622 | Vaults:4 | Received a gift from Okawaru
 86043 | Vaults:4 | Received a gift from Okawaru
 86634 | Vaults:5 | Killed Margery
 87361 | Vaults:5 | Found the +8 glaive of the Guard {elec, spectral, AC+5}
 87544 | Vaults:5 | Noticed Frederick
 87557 | Vaults:5 | Killed Frederick
 87558 | Vaults:5 | Reached XP level 27. HP: 117/174 MP: 5/39
 88247 | Vaults:5 | Identified the Papyrus of Weightlessness and Creation
 88649 | Vaults:5 | Reached skill level 10 in Earth Magic
 89310 | Vaults:5 | Got a silver rune of Zot
 90106 | Elf:1    | Entered Level 1 of the Elven Halls
 90909 | Elf:1    | Found Tibb's Book Shoppe.
 91590 | Elf:1    | Received a gift from Okawaru
 91904 | Elf:1    | Noticed Frances
 92579 | Elf:2    | Found Dusav's Assorted Antiques.
 92608 | Elf:2    | Bought a scroll of fog for 64 gold pieces
 92608 | Elf:2    | Bought a crystal morningstar for 288 gold pieces
 92608 | Elf:2    | Identified the cursed +1 morningstar "Beetleslayer" {holy,
                  | rPois rC- Int+6} (You bought it in a shop on level 2 of the
                  | Elven Halls)
 92624 | Elf:2    | Received a gift from Okawaru
 92667 | Elf:2    | Reached skill level 10 in Necromancy
 92840 | Elf:2    | Found a huge runed translucent gate.
 92842 | Elf:2    | Found a huge runed translucent gate.
 92846 | Elf:2    | Found a huge runed translucent gate.
 92847 | Elf:2    | Found a huge runed translucent gate.
 92847 | Elf:2    | Found a huge runed translucent gate.
 92984 | Elf:2    | Received a gift from Okawaru
 94147 | Elf:2    | Received a gift from Okawaru
 94591 | Elf:3    | Entered Level 3 of the Elven Halls
 95149 | Elf:3    | Reached skill level 1 in Short Blades
 95283 | Elf:3    | Received a gift from Okawaru
 96004 | Elf:3    | Received a gift from Okawaru
 96034 | Elf:3    | Cast into level 2 of the Abyss (a deep elf sorcerer)
 96262 | Abyss:2  | Reached skill level 5 in Short Blades
 96656 | Elf:3    | Escaped the Abyss
 97253 | Elf:3    | Identified the +4 chain mail of the Desert {rPois rF+
                  | Stlth-}
 97605 | Elf:3    | Identified the Reference Book on the Entrancing Arsonist
 97622 | Elf:3    | Got a wavering amber ring
 97624 | Elf:3    | Identified the ring of Harrunteaw {Will+ Int+3 Slay+3} (You
                  | found it on level 3 of the Elven Halls)
 97646 | Elf:3    | Got a spiked scale mail
 97657 | Elf:3    | Identified the +2 scale mail of Yredelemnul {rF- Regen+
                  | Dex+4} (You found it on level 3 of the Elven Halls)
 97823 | Elf:3    | Got a pitted lead ring
 97825 | Elf:3    | Identified the ring "Loarytih" {rPois rN+ Will- Slay+2
                  | Stlth+} (You found it on level 3 of the Elven Halls)
 97831 | Elf:3    | Identified Doerir's Almanac of Floating Earth
 97836 | Elf:3    | Got a steaming jade ring
 97838 | Elf:3    | Identified the ring "Temnamoch" {rC- Str+6 Dex+7} (You
                  | found it on level 3 of the Elven Halls)
 97849 | Elf:3    | Identified the Volume of Gliding Transmigration
 98386 | Elf:3    | Got a warped leather armour
 98387 | Elf:3    | Identified the +3 leather armour "Fobaosee" {rCorr Str+6}
                  | (You found it on level 3 of the Elven Halls)
 98394 | Elf:3    | Identified the Handbook of Hubris
 98660 | Lair:1   | Learned a level 3 spell: Vampiric Draining
 98671 | Lair:1   | Learned a level 2 spell: Sublimation of Blood
 98808 | Shoals:3 | Bought a potion of magic for 136 gold pieces
 98814 | Shoals:3 | Learned a level 4 spell: Airstrike
 99164 | Zot:1    | Entered Level 1 of the Realm of Zot
 99672 | Zot:1    | Noticed an orb of fire
 99711 | Zot:1    | Gained mutation: You tend to lose your temper in combat.
                  | [an orb of fire]
 99724 | Zot:1    | Killed an orb of fire
100519 | Lair:1   | Lost mutation: You tend to lose your temper in combat.
                  | [potion of mutation]
100519 | Lair:1   | Gained mutation: You have a somewhat thin skeletal
                  | structure. (Dex +2, Stealth) [potion of mutation]
101370 | Zot:2    | Received a gift from Okawaru
103132 | Zot:3    | Received a gift from Okawaru
104086 | Zot:3    | Received a gift from Okawaru
104087 | Zot:3    | Reached skill level 16 in Fighting
104768 | Lair:1   | Learned a level 6 spell: Dispersal
105072 | Zot:1    | Received a gift from Okawaru
105390 | Zot:3    | Received a gift from Okawaru
106251 | Slime:1  | Entered Level 1 of the Pits of Slime
107426 | Slime:2  | Gained mutation: Potions are less effective at restoring
                  | your health. [a shining eye]
109004 | Slime:3  | Received a gift from Okawaru
109345 | Slime:3  | Reached skill level 17 in Fighting
109895 | Slime:2  | Received a gift from Okawaru
110845 | Slime:4  | Paralysed by a great orb of eyes for 3 turns
111644 | Slime:4  | Reached skill level 15 in Earth Magic
111886 | Slime:5  | Entered Level 5 of the Pits of Slime
112355 | Slime:5  | Gained mutation: Your magical capacity is low. (-10% MP) [a
                  | shining eye]
112641 | Slime:5  | Gained mutation: You are weak. (Str -2) [a shining eye]
112813 | Slime:5  | Noticed the Royal Jelly
112980 | Slime:5  | Killed the Royal Jelly
112980 | Slime:5  | Received a gift from Okawaru
113306 | Slime:5  | Received a gift from Okawaru
113332 | Slime:5  | Reached skill level 18 in Fighting
113337 | Slime:5  | Paralysed by a great orb of eyes for 3 turns
113446 | Slime:5  | Found the +7 Spriggan's Knife {stab, EV+4 Stlth+}
113510 | Slime:5  | Got a smoking sapphire amulet
113513 | Slime:5  | Identified the amulet "Hero's Friend" {Reflect rF+++ Str+5
                  | Dex-3 SH+5} (You found it on level 5 of the Pits of Slime)
113890 | Slime:5  | Got a brightly glowing amber ring
113891 | Slime:5  | Identified the ring "Ygeviora" {*Slow rPois Str+5} (You
                  | found it on level 5 of the Pits of Slime)
113913 | Slime:5  | Got a slimy rune of Zot
114321 | Lair:1   | Lost mutation: You are weak. (Str -2) [potion of mutation]
114321 | Lair:1   | Lost mutation: Potions are less effective at restoring your
                  | health. [potion of mutation]
114321 | Lair:1   | Lost mutation: Your magical capacity is low. (-10% MP)
                  | [potion of mutation]
114321 | Lair:1   | Gained mutation: Scrolls take you a little longer to read.
                  | [potion of mutation]
114322 | Lair:1   | Lost mutation: Scrolls take you a little longer to read.
                  | [potion of mutation]
114322 | Lair:1   | Gained mutation: Your mind is acute. (Int +2) [potion of
                  | mutation]
114901 | Zot:4    | Reached ****** piety under Okawaru
115561 | Zot:4    | Received a gift from Okawaru
116184 | Zot:4    | Received a gift from Okawaru
116617 | Zot:5    | Entered Level 5 of the Realm of Zot
118742 | Lair:1   | Learned a level 4 spell: Dispel Undead
118898 | Hell     | Entered the Vestibule of Hell
118914 | Depths:1 | Received a gift from Okawaru
119574 | Hell     | Noticed Geryon
119731 | Hell     | Killed Geryon
120572 | Hell     | Found a gateway to the ashen valley of Gehenna.
122614 | Depths:1 | Reached skill level 15 in Conjurations
123482 | Hell     | Found a gateway to the freezing wastes of Cocytus.
123537 | Hell     | Found a gateway to the decaying netherworld of Tartarus.
123663 | Hell     | Found a gateway to the Iron City of Dis.
124137 | Lair:1   | Learned a level 5 spell: Fireball
124318 | Coc:1    | Entered Level 1 of Cocytus
125649 | Hell     | Received a gift from Okawaru
126321 | Coc:1    | Noticed a shard shrike
126326 | Coc:1    | Killed a shard shrike
127872 | Coc:1    | Noticed a shard shrike
127881 | Coc:1    | Killed a shard shrike
128015 | Coc:1    | Reached skill level 10 in Fire Magic
128513 | Coc:1    | Noticed a shard shrike
128743 | Hell     | Killed a shard shrike
129318 | Coc:1    | Noticed a shard shrike
129325 | Coc:1    | Killed a shard shrike
129945 | Shoals:1 | Bought 15 sling bullets for 120 gold pieces
129945 | Shoals:1 | Bought a scroll of enchant weapon for 120 gold pieces
130227 | Coc:1    | Noticed a shard shrike
130261 | Coc:1    | Killed a shard shrike
131055 | Orc:2    | Bought a scroll of amnesia for 42 gold pieces
131055 | Orc:2    | Bought a scroll of amnesia for 42 gold pieces
131055 | Orc:2    | Bought a scroll of fog for 24 gold pieces
131055 | Orc:2    | Bought a scroll of teleportation for 36 gold pieces
131240 | Lair:1   | Learned a level 6 spell: Iron Shot
132092 | Zot:5    | Received a gift from Okawaru
132107 | Zot:5    | Reached skill level 1 in Long Blades
132662 | Zot:5    | Noticed a Killer Klown
132676 | Zot:5    | a Killer Klown changed into a sphinx
132730 | Zot:5    | Noticed an ancient lich
132743 | Zot:5    | Reached skill level 1 in Unarmed Combat
132770 | Zot:5    | Slain by an Orb Guardian

Illustrated notes

Levels and vault maps discovered:
D:1:      tarquinn_simple_flora_water_b, layout_basic
D:2:      layout_rooms, chequers_ecumenical_altar_twisty
D:3:      cheibrodos_thug_alley, layout_basic, old_standard_altar, uniq_natasha
D:4:      layout_basic, grunt_temple_overflow_open,
          minmay_temple_entry_butterflies, grunt_qazlal_sundering
D:5:      layout_cave_pools, chequers_temple_overflow_statue_of_worship
D:6:      kennysheep_kobold_camp, layout_loops_ring,
          nicolae_dithmenos_shadow_blocks, minmay_diced_spiral, uniq_eustachio
D:7:      layout_loops_ring, fedhas_altar_1
D:8:      layout_cave_pools, serial_shops, kennysheep_little_box,
          gammafunk_ghost_spectres, uniq_grum
D:9:      layout_gridville, lemuel_crystal_altar,
          grunt_lair_entry_orc_guard_hut, uniq_psyche
D:10:     cheibrodos_breeding_chamber, layout_long_grid, orc_0_dummy,
          serial_shops, nicolae_shop_stone, kennysheep_boxes
D:11:     minmay_distorted_concentric_squares, layout_layer_cave,
          gauntlet_entry_generic, serial_shops, shop
D:12:     layout_gridville
D:13:     dragon1_lemuel, layout_layer_cave, gammafunk_ghost_ooze
D:14:     layout_long_grid, david_vaults_3, hex_medium
D:15:     gammafunk_depths_entry_grave, layout_cave_pools, uniq_jorgrun
Temple:   minmay_temple_curvy_loop
Lair:1:   layout_regular_city, ebering_ghost_disaster_area,
          guppyfry_lair_drakes, serial_bayou_shore_a, grunt_megastairs_5,
          uniq_urug
Lair:2:   layout_hall_layers, elwin_shoals_entry_rocks
Lair:3:   layout_chaotic_city
Lair:4:   layout_cave_pods, dummy_spider_entry
Lair:5:   layout_cave_pods, dpeg_slime_entry_enclosed_altar
Lair:6:   cheibrodos_lair_end_hotspot, layout_concentric_octagons,
          lemuel_fruit_tree
Shoals:1: layout_shoals, serial_shops, shop, shop, shop_fountains,
          nicolae_shop_trees, minmay_shop_mass
Shoals:2: layout_shoals, lemuel_oklob_altar
Shoals:3: layout_shoals, portal_ice_cave_entry_dragon, serial_shops, shop,
          shop_statue, shop, nicolae_shop_window_shopping, shop,
          nicolae_island_escapes, uniq_polyphemus, uniq_mara, uniq_ilsuiw
Shoals:4: shoals_end_grunt_ice, layout_shoals, uniq_louise, uniq_bai_suzhen,
          uniq_nikola, uniq_kirke
Spider:1: layout_chambers
Spider:2: layout_chambers, uniq_arachne
Spider:3: layout_chambers
Spider:4: spider_rune_water, guppyfry_hornet_nest, uniq_aizul
Slime:1:  layout_caves
Slime:2:  layout_caves, cheibrodos_slime_lost_civilization_7
Slime:3:  layout_caves, nicolae_slime_barrier, nicolae_slime_phagocytosis
Slime:4:  layout_caves
Slime:5
Orc:1:    gammafunk_beogh_shrine, layout_diamond_mine, uniq_harold
Orc:2:    pf_orc_diabolical, layout_caves, nicolae_orc_lava_tube, uniq_azrael
Elf:1:    elf_arrival_002, layout_loops_corners, serial_shops, shop,
          hangedman_elf_disciples, uniq_frances
Elf:2:    layout_geoelf_octagon, serial_shops, shop,
          einodemon_armed_red_devil_minivault
Elf:3:    minmay_elf_hall, layout_loops_cross
Vaults:1: nicolae_vaults_c_with_doors, nicolae_vaults_network_periphery,
          vaults_room_grunt_arrival_ludios, ontoclasm_vaults_fault,
          hangedman_vaults_nodes, v_misc_30, v_misc_26,
          nicolae_vaults_ninety_degrees, nicolae_vaults_little_squares_4,
          grunt_vaults_focal, layout_vaults_maze_bifur, serial_shops,
          bzr_entry_islet, nicolae_shop_crystal, shop, uniq_donald
Vaults:2: nicolae_vaults_windows_and_doors_thing,
          nicolae_vaults_know_your_exits, nicolae_vaults_triangles,
          nicolae_vaults_network_s, vaults_standard_mumra_x,
          nicolae_vaults_ring_of_whatevers, v_misc_14, v_misc_19,
          nicolae_vaults_little_squares_4, dpeg_vaults_monster_box,
          layout_vaults_big_room, serial_shops, bzr_in_the_mist
Vaults:3: v_alt_pattern_2, serial_ice_g, hangedman_vaults_pinch,
          nicolae_vaults_twisting_passages, v_alt_pattern_2, v_misc_10,
          minmay_crypt_entry_skeletal_spiral, dpeg_vaults_monster_row,
          nicolae_vaults_rhombus_7, nicolae_vaults_little_squares_5,
          vaults_mumra_lcd, layout_vaults_big_cross, mu_enter_wizlab_6,
          uniq_asterion
Vaults:4: ontoclasm_vaults_gateway, v_misc_4, grunt_vaults_funnel, v_pattern_3,
          ontoclasm_vaults_ligature, grunt_vaults_diagonal,
          layout_vaults_quadrants
Vaults:5: uniq_margery, uniq_frederick
Depths:1: layout_cave_pools, special_room [special_room_mythical_zoo],
          pf_vacation_house_of_asmodeus, minmay_guarded_unrand_tortoise
Depths:2: gammafunk_the_bubble [the_bubble_gammafunk_roulette],
          layout_honeycomb, skrybe_limestone_x, rand_demon_pan_entry_7,
          hell_entry, minmay_orc_keep, serial_bayou_shore_b,
          infiniplex_staircase_pool_2
Depths:3: minmay_skeletal_surprise, layout_gridville, pan_entry,
          corexii_hall_statues_l, hellmouth_3, serial_bayou_pond_d,
          amcnicky_mini_rare_corridor_liquid, nrook_campfire,
          infiniplex_staircase_river
Depths:4: box_level_dp, abyss_entry, pan_entry, hell_entry, uniq_xtahua
Depths:5: grunt_crosshair, layout_honeycomb, enter_ziggurat_b, hell_entry,
          grunt_pan_entry_in_and_out, minmay_shop_grove
Hell
Coc:1:    layout_cocytus_water_paths
Coc:2:    layout_ice_bergs
Zot:1:    layout_misc_corridors
Zot:2:    layout_onion_interference
Zot:3:    infiniplex_zot_generator, layout_misc_corridors
Zot:4:    layout_gridlike
Zot:5:    layout_onion, drop_trap, uniq_tiamat

Skill      XL: |  1  2  3  4  5  6  7  8  9 10 11 12 13 14 15 16 17 18 19 20 21 22 23 24 25 26 27 |
---------------+----------------------------------------------------------------------------------+-----
Slings         | 6 7 8 9 10 11 12 14 | 14.8
Fighting       | 2 3 4 5 6 9 10 12 14 15 18 | 18.0
Shields        | 2 4 6 7 8 9 12 15 | 15.0
Armour         | 3 7 10 12 14 15 17 | 17.0
Evocations     | 3 5 7 9 10 12 | 12.0
Dodging        | 4 7 9 12 14 16 | 16.0
Invocations    | 3 5 9 |  9.0
Translocations | 4 7 9 12 16 | 16.0
Spellcasting   | 1 3 4 7 9 10 12 14 | 14.0
Poison Magic   | 5 7 11 12 | 12.0
Fire Magic     | 5 7 10 | 10.1
Transmutations | 3 5 |  5.0
Conjurations   | 3 5 9 13 16 | 16.0
Air Magic      | 5 7 9 |  9.0
Hexes          | 2 5 |  5.0
Earth Magic    | 3 9 16 | 16.3
Necromancy     | 2 8 12 | 12.0
Short Blades   | 8 |  8.0
Long Blades    | 2 |  2.1
Unarmed Combat | 1 |  1.2
Stealth        | |  1.1

Action                   |  1- 3 |  4- 6 |  7- 9 | 10-12 | 13-15 | 16-18 | 19-21 | 22-24 | 25-27 || total
-------------------------+-------+-------+-------+-------+-------+-------+-------+-------+-------++-------
Melee: Short sword       |    30 |       |       |       |       |       |       |       |       ||    30
       Quarterstaff      |       |       |    15 |       |       |       |       |       |       ||    15
       Rapier            |       |       |       |    26 |       |    54 |       |       |       ||    80
       Demon whip        |       |       |       |       |    25 |       |       |       |       ||    25
       Long sword        |       |       |       |       |       |    65 |    17 |    15 |   227 ||   324
       Fustibalus        |       |       |       |       |       |     3 |       |       |     1 ||     4
       Quick blade       |       |       |       |       |       |       |       |       |  2346 ||  2346
       Scimitar          |       |       |       |       |       |       |       |       |    49 ||    49
 Fire: Hunting sling     |    43 |   250 |   553 |   610 |       |       |       |       |       ||  1456
       Fustibalus        |       |       |       |   117 |  1390 |  1723 |  1683 |  1815 |  2709 ||  9437
Throw: Dart              |       |       |       |       |     1 |       |       |       |     2 ||     3
       Boomerang         |       |       |       |       |       |       |       |       |     1 ||     1
 Cast: Blink             |       |       |       |       |     1 |    10 |     1 |    10 |    30 ||    52
       Ignite Poison     |       |       |       |       |       |     7 |   103 |   103 |   299 ||   512
       Olgreb's Toxic Ra |       |       |       |       |       |     5 |    37 |    44 |   155 ||   241
       Gell's Gravitas   |       |       |       |       |       |       |     3 |     7 |    20 ||    30
       Mephitic Cloud    |       |       |       |       |       |       |    10 |     1 |    11 ||    22
       Iskenderun's Myst |       |       |       |       |       |       |       |    23 |    16 ||    39
       Searing Ray       |       |       |       |       |       |       |       |    19 |     1 ||    20
       Apportation       |       |       |       |       |       |       |       |     2 |       ||     2
       Borgnjor's Vile C |       |       |       |       |       |       |       |       |   146 ||   146
       Fireball          |       |       |       |       |       |       |       |       |    49 ||    49
       Dispel Undead     |       |       |       |       |       |       |       |       |    13 ||    13
       Dispersal         |       |       |       |       |       |       |       |       |     5 ||     5
       Orb of Destructio |       |       |       |       |       |       |       |       |     4 ||     4
       Sublimation of Bl |       |       |       |       |       |       |       |       |     3 ||     3
       Iron Shot         |       |       |       |       |       |       |       |       |     2 ||     2
       Portal Projectile |       |       |       |       |       |       |       |       |     2 ||     2
       Vampiric Draining |       |       |       |       |       |       |       |       |     1 ||     1
Invok: Heroism           |       |       |     2 |     8 |     7 |    11 |    19 |    16 |    39 ||   102
       Finesse           |       |       |       |     5 |     7 |    14 |    20 |    19 |    21 ||    86
Evoke: Wand              |       |       |       |    19 |    11 |     4 |    13 |    22 |    37 ||   106
       Condenser vane    |       |       |       |       |     1 |     1 |     1 |     1 |     5 ||     9
       Phantom mirror    |       |       |       |       |     1 |     1 |     1 |     2 |     2 ||     7
       Lightning rod     |       |       |       |       |       |     9 |     4 |     8 |    15 ||    36
       Tin of tremorston |       |       |       |       |       |       |       |       |    11 ||    11
       Box of beasts     |       |       |       |       |       |       |       |       |     3 ||     3
       Horn of Geryon    |       |       |       |       |       |       |       |       |     1 ||     1
       Phial of floods   |       |       |       |       |       |       |       |       |     1 ||     1
  Use: Scroll            |       |       |    17 |     4 |    16 |     7 |     9 |    14 |    55 ||   122
       Potion            |       |       |       |       |     6 |     6 |     2 |     3 |    16 ||    33
 Stab: Sleeping          |     1 |       |       |       |       |       |       |       |     3 ||     4
       Paralysed         |       |       |       |    25 |       |       |     4 |       |     9 ||    38
       Confused          |       |       |       |       |       |       |       |       |     2 ||     2
       Distracted        |       |       |       |       |       |       |       |       |     2 ||     2
Armor: Leather armour    |     3 |       |       |       |       |       |       |       |       ||     3
       Ring mail         |     1 |       |       |       |    74 |   222 |   136 |    76 |       ||   509
       Scale mail        |       |    20 |    56 |    55 |    54 |       |       |       |       ||   185
       Fire dragon scale |       |       |       |       |       |       |       |    76 |   635 ||   711
       Ice dragon scales |       |       |       |       |       |       |       |       |   199 ||   199
Dodge: Dodged            |    20 |    46 |   100 |   156 |   516 |   940 |   589 |   567 |  1698 ||  4632
Block: Buckler           |       |       |    49 |    84 |   289 |   569 |   408 |   335 |       ||  1734
       Kite shield       |       |       |       |       |       |       |       |   180 |  2378 ||  2558
       Reflection        |       |       |       |       |       |       |       |       |    56 ||    56
       Other             |       |       |       |       |       |       |       |       |     6 ||     6
       Rpst.: Long sword |       |       |       |       |       |    17 |     2 |     4 |    34 ||    57
